 Dungeon Crawl Stone Soup version 0.17-a0-288-gaf424a4 (webtiles) character file.

1249 RobertPalmer the Basher (level 8, -3/67 HPs)
             Began as an Ogre Wizard on Mar 31, 2015.
             Was a Follower of Vehumet.
             Slain by an orc
             ... wielding a +0 hand axe
              (4 damage)
             ... on level 6 of the Dungeon.
             The game lasted 00:21:20 (8075 turns).

RobertPalmer the Basher (Ogre Wizard)               Turns: 8075, Time: 00:21:21

Health: -3/67      AC:  5    Str: 13    XL:     8   Next: 50%
Magic:  10/10      EV: 11    Int: 17    God:    Vehumet [*.....]
Gold:   253        SH:  0    Dex: 10    Spells: 4 memorised, 5 levels left

rFire  . . .     SeeInvis .     a - +0 giant club
rCold  . . .     Clarity  .     f - +0 robe
rNeg   . . .     SustAb   .     (no shield)
rPois  .         Gourm    .     p - +0 hat
rElec  .         Spirit   .     o - +1 cloak
rCorr  .         Warding  .     (gloves unavailable)
rMut   .         Stasis   .     (boots unavailable)
MR     .....                    y - amulet of faith {Faith, !P}
Stlth  +.........               (no ring)
                                (no ring)

@: repel missiles, not resistant to hostile enchantments, very unstealthy
A: unfitting armour, tough skin 1
a: Renounce Religion


You were on level 6 of the Dungeon.
You worshipped Vehumet.
Vehumet was aware of your devotion.
You were very hungry.

You visited 2 branches of the dungeon, and saw 7 of its levels.

You collected 253 gold pieces.

Inventory:

Hand weapons
 a - a +0 giant club (weapon)
   (You took it off an ogre on level 6 of the Dungeon)
 b - a +1 blowgun
   (You took it off a kobold on level 2 of the Dungeon)
Missiles
 q - 13 poisoned needles
Armour
 f - a +0 robe (worn)
 o - a +1 cloak (worn)
   (You found it on level 2 of the Dungeon)
 p - a +0 hat (worn)
Jewellery
 j - an uncursed ring of ice {rC+, rF-}
   (You found it on level 3 of the Dungeon)
 y - an amulet of faith (around neck) {Faith, !P}
   (You found it on level 4 of the Dungeon)
Magical devices
 g - a wand of enslavement (15)
   (You found it on level 2 of the Dungeon)
 v - a wand of slowing (16)
   (You found it on level 6 of the Dungeon)
Scrolls
 e - 2 scrolls of magic mapping {!r}
 k - a scroll of fog
 l - 3 scrolls of teleportation
 n - 2 scrolls of fear
 x - a scroll of identify
Potions
 h - 2 potions of curing
 s - a potion of agility {unknown}
 u - a potion of heal wounds
 w - a potion of berserk rage {unknown}
Books
 c - a book of Minor Magic
Comestibles
 d - 4 meat rations {@e2}
 i - 8 fruits
 m - 3 bread rations {@e1}
 r - 8 chunks of flesh {@w0}


   Skills:
 + Level 11.1 Maces & Flails
 - Level 4.6 Dodging
 - Level 1.5 Stealth
 - Level 3.6 Spellcasting
 - Level 0.6 Conjurations
 - Level 0.6 Summonings
 - Level 0.6 Translocations


You had 5 spell levels left.
You knew the following spells:

 Your Spells              Type           Power        Failure   Level  Hunger
b - Blink                 Tloc           N/A          21%         2    ##.....
c - Call Imp              Summ           #.......     21%         2    ##.....
d - Repel Missiles        Chrm/Air       #.....       30%         2    ##.....
x - Mephitic Cloud        Conj/Pois/Air  #.......     47%         3    ###....


Dungeon Overview and Level Annotations

Branches:
Dungeon (6/15)             Temple (1/1) D:5

Altars:
Ashenzari
Cheibriados
Dithmenos
Fedhas
Gozag
Makhleb
Okawaru
Qazlal
Ru
Sif Muna
Trog
Vehumet
Xom
Yredelemnul
Zin

Shops:
D:6 *

Annotations:
D:4 RobertPalmer's ghost, average OgWz


Innate Abilities, Weirdness & Mutations

You are too large for most types of armour.
You have tough skin (AC +1).


Message History

You closely miss the jackal. The jackal closely misses you.
You barely miss the jackal. The jackal bites you.
The jackal closely misses you.
You take 1 damage, and have 52/67 hp.
You closely miss the jackal.
The jackal bites you but does no damage.
You barely miss the jackal. The jackal barely misses you.
The jackal bites you but does no damage.
You bludgeon the jackal!!
You kill the jackal!
Vehumet accepts your kill.
No target in view!
Items here: )) [ †††† You butcher the jackal corpse.
r - 2 chunks of flesh {@w0}
Items here: )) [ ††† a dagger; a flail; a scale mail; a jackal corpse; a jackal corpse an orc corpse You butcher the orc corpse.
r - 6 chunks of flesh {@w0} (gained 4)
Items here: )) [ †† a dagger; a flail; a scale mail; a jackal corpse; a jackal corpse You butcher the jackal corpse.
r - 8 chunks of flesh {@w0} (gained 2)
Items here: )) [ ÷ † a dagger; a flail; a scale mail; a jackal skeleton; a jackal corpse You butcher the jackal corpse.
A killer bee zombie comes into view.
Items here: % )) [ ÷ a dagger; a flail; a scale mail; a jackal skeleton; 2 chunks of flesh {@w0} There isn't anything to butcher here.
There isn't anything to butcher here.
There isn't anything to butcher here.
You barely miss the killer bee zombie. The killer bee zombie hits you.
The killer bee zombie hits you.
You take 6 damage, and have 49/67 hp.
You thump the killer bee zombie!
The killer bee zombie hits you but does no damage.
The killer bee zombie misses you.
You hit the killer bee zombie. The killer bee zombie hits you.
The killer bee zombie hits you but does no damage.
The killer bee zombie closely misses you.
You take 5 damage, and have 44/67 hp.
You barely miss the killer bee zombie.
The killer bee zombie hits you but does no damage.
The killer bee zombie hits you.
You barely miss the killer bee zombie. The killer bee zombie hits you.
The killer bee zombie misses you.
An orc comes into view. It is wielding a hand axe.
You take 4 damage, and have 40/67 hp.
You are too injured to fight recklessly!
You are too injured to fight recklessly!
You are too injured to fight recklessly!
You miss the killer bee zombie.
The killer bee zombie closely misses you.
The killer bee zombie hits you but does no damage.
You barely miss the killer bee zombie.
The orc shouts!
The killer bee zombie misses you.
The killer bee zombie barely misses you.
You barely miss the killer bee zombie.
The killer bee zombie hits you but does no damage.
The killer bee zombie barely misses you.
You closely miss the killer bee zombie. The killer bee zombie misses you.
The killer bee zombie barely misses you.
The orc wizard mumbles some strange words.
The orc wizard blinks!
You closely miss the killer bee zombie.
The killer bee zombie barely misses you.
The killer bee zombie completely misses you.
The orc hits you with a hand axe.
You take 4 damage, and have 37/67 hp.
You sock the killer bee zombie! The killer bee zombie hits you!
The killer bee zombie hits you. The orc barely misses you.
You take 8 damage, and have 29/67 hp.
You closely miss the killer bee zombie.
The killer bee zombie closely misses you. x2
The orc wizard closely misses you. The orc barely misses you.
You bludgeon the orc wizard!!
You kill the orc wizard!
Vehumet accepts your kill. The killer bee zombie hits you. x2
* * * LOW HITPOINT WARNING * * *
The orc barely misses you.
You take 10 damage, and have 20/67 hp.
Unknown command.
You barely miss the killer bee zombie. The killer bee zombie hits you.
* * * LOW HITPOINT WARNING * * *
The killer bee zombie hits you.
* * * LOW HITPOINT WARNING * * *
The orc hits you but does no damage.
You take 7 damage, and have 13/67 hp.
You miss the killer bee zombie.
You are feeling very hungry.
The killer bee zombie hits you.
* * * LOW HITPOINT WARNING * * *
The killer bee zombie hits you.
* * * LOW HITPOINT WARNING * * *
The orc hits you with a hand axe.
You die...

#...∩.....#
##........#
#........#
#........#
##.##.##.#
###.##.##.#
#.........#####
#.####..###.<.#####
#.##..(.# #Z@o....#
#......)# #..)###.#
#.##.##.# ##)##
#.......####.#
#.##.........# #
####.###### #.# ..#
####


You could see an orc and a killer bee zombie.

Vanquished Creatures
  A black bear (D:6)
  An ice beast (D:6)
  2 ogres (D:6)
  A centaur (D:5)
  4 scorpions
  A crimson imp (D:5)
  A hound (D:5)
  3 orc priests
  2 orc wizards
  A giant frog skeleton (D:5)
  A worker ant (D:4)
  A worker ant zombie (D:5)
  7 adders
  A giant mite (D:5)
  3 worms
  An adder zombie (D:5)
  An adder skeleton (D:4)
  3 giant geckos
  An ooze (D:1)
  12 orcs
  18 bats
  A bat skeleton (D:4)
  8 giant cockroaches
  17 hobgoblins
  19 jackals
  10 kobolds
  A quokka (D:5)
  A ball python (D:4)
  A giant cockroach zombie (D:5)
  A giant gecko skeleton (D:6)
  A giant newt (D:3)
  16 goblins
  9 rats
151 creatures vanquished.

Vanquished Creatures (collateral kills)
  An iguana (D:3)
  An orc priest (D:3)
  An orc wizard (D:2)
  Jessica (D:2)
  Robin (D:3)
  3 adders
  4 worms
  A bat (D:3)
  2 hobgoblins
  2 jackals
  2 kobolds
19 creatures vanquished.

Vanquished Creatures (others)
  2 white imps
2 creatures vanquished.

Grand Total: 172 creatures vanquished

Notes
Turn   | Place    | Note
--------------------------------------------------------------
     0 | D:1      | RobertPalmer, the Ogre Wizard, began the quest for the Orb.
     0 | D:1      | Reached XP level 1. HP: 16/16 MP: 4/4
    41 | D:1      | Reached skill level 2 in Dodging
   394 | D:1      | Reached skill level 1 in Maces & Flails
   394 | D:1      | Reached XP level 2. HP: 19/24 MP: 2/5
   548 | D:1      | Reached skill level 2 in Maces & Flails
   836 | D:1      | Reached XP level 3. HP: 27/31 MP: 5/5
  1102 | D:2      | Reached skill level 3 in Maces & Flails
  1195 | D:2      | Found a bloodstained altar of Trog.
  1235 | D:2      | HP: 7/31 [poisoned by an adder]
  1660 | D:2      | HP: 6/31 [adder (2)]
  1663 | D:2      | HP: 2/31 [poisoned by an adder]
  1668 | D:2      | HP: 6/31 [adder (2)]
  1670 | D:2      | Reached skill level 4 in Maces & Flails
  1670 | D:2      | Reached XP level 4. HP: 7/39 MP: 1/6
  1674 | D:2      | HP: 5/39 [poisoned by an adder]
  1683 | D:2      | HP: 4/39 [poisoned by an adder]
  1688 | D:2      | HP: 4/39 [poisoned by an adder]
  1694 | D:2      | HP: 3/39 [poisoned by an adder]
  1700 | D:2      | HP: 3/39 [poisoned by an adder]
  2145 | D:1      | Learned a level 2 spell: Call Imp
  2148 | D:1      | Learned a level 2 spell: Blink
  2151 | D:1      | Learned a level 2 spell: Repel Missiles
  2155 | D:1      | Learned a level 3 spell: Mephitic Cloud
  2368 | D:2      | Noticed Jessica
  2378 | D:2      | Killed Jessica
  2378 | D:2      | Reached skill level 5 in Maces & Flails
  2457 | D:3      | Noticed Robin
  2598 | D:3      | Reached XP level 5. HP: 36/45 MP: 4/7
  2913 | D:3      | Found an opulent altar of Gozag.
  2935 | D:3      | Reached skill level 6 in Maces & Flails
  2979 | D:3      | Killed Robin
  3001 | D:3      | HP: 11/45 [hobgoblin/club[Robin] (4)]
  3816 | D:3      | Reached skill level 7 in Maces & Flails
  3816 | D:3      | Reached XP level 6. HP: 44/53 MP: 1/8
  4203 | D:4      | Got a scorched hand axe
  4549 | D:4      | Reached skill level 8 in Maces & Flails
  4785 | D:4      | Noticed RobertPalmer's ghost (average OgWz)
  4839 | D:5      | Entered Level 5 of the Dungeon
  5161 | D:4      | Reached XP level 7. HP: 55/59 MP: 9/9
  5516 | D:4      | Reached skill level 9 in Maces & Flails
  6111 | D:5      | Found a staircase to the Ecumenical Temple.
  6140 | Temple   | Entered the Ecumenical Temple
  6233 | Temple   | Became a worshipper of Vehumet
  6321 | D:5      | Reached skill level 10 in Maces & Flails
  6322 | D:5      | HP: 14/59 [adder zombie (4)]
  6951 | D:6      | Reached skill level 3 in Dodging
  6951 | D:6      | Reached XP level 8. HP: 27/67 MP: 5/10
  7234 | D:6      | Acquired Vehumet's first power
  7234 | D:6      | Offered knowledge of Flame Tongue by Vehumet.
  7299 | D:6      | Reached skill level 4 in Dodging
  7596 | D:6      | Found a shimmering altar of Xom.
  7596 | D:6      | Found a stormy altar of Qazlal.
  7905 | D:6      | Reached skill level 11 in Maces & Flails
  7989 | D:6      | Found Axur's Alliterative Accessories.
  8074 | D:6      | HP: 15/67 [killer bee zombie (5)]
  8075 | D:6      | HP: 7/67 [killer bee zombie (6)]
  8075 | D:6      | HP: 1/67 [killer bee zombie (6)]
  8075 | D:6      | Slain by an orc

Action                   |  1- 3 |  4- 6 |  7- 9 || total
-------------------------+-------+-------+-------++-------
Melee: Club              |    27 |       |       ||    27
       Unarmed           |     6 |       |       ||     6
       Mace              |    62 |   229 |       ||   291
       Flail             |       |    15 |   178 ||   193
       Giant club        |       |       |    57 ||    57
 Fire: Blowgun           |       |    16 |    19 ||    35
 Cast: Magic Dart        |    47 |    21 |       ||    68
       Call Imp          |       |    27 |     5 ||    32
       Blink             |       |       |     2 ||     2
       Repel Missiles    |       |       |     1 ||     1
  Use: Scroll            |     1 |    10 |     4 ||    15
       Potion            |     5 |     2 |     4 ||    11
 Stab: Sleeping          |     1 |     2 |     1 ||     4
  Eat: Chunk             |     2 |    12 |     8 ||    22
       Royal jelly       |       |     1 |       ||     1

Vault maps used:
D:1:      dpeg_arrival_court, minmay_unequal
D:2:      trog_three_pillars_becter, uniq_jessica
D:3:      grunt_gozag_statues, uniq_robin
D:4:      first_bread, nrook_mini_vaults, minmay_misc_feat_room,
          serial_bayou_pond_b, kennysheep_decorative_pillar
D:5:      minmay_temple_entry_glassed_door
D:6:      amethyst_overflow_temple_binary, elyvilon_altar_1, serial_shops, shop,
          nicolae_alphabet_shops
Temple:   circular_temple_pool_12

Table legend:
 A = Turns spent in this place as a percentage of turns spent in the entire game.
 B = Non-inter-level travel turns spent in this place as a percentage of non-inter-level travel turns spent in the entire game.
 C = Inter-level travel turns spent in this place as a percentage of turns spent in this place.
 D = Turns resting spent in this place as a percentage of non-inter-level travel turns spent in this place.
 E = Turns spent auto-exploring this place as a percentage of non-inter-level travel turns spent in this place.
 F = Non-inter-level travel turns spent in this place divided by the number of levels of this place that you've seen.
                   A       B       C       D       E      F
               +-------+-------+-------+-------+-------+----------------------
         Total | 100.0 | 100.0 |   0.4 |   3.1 |   3.6 | 469.0
       Dungeon |  96.7 |  96.7 |   0.3 |   3.2 |   3.7 | 529.0
        Temple |   3.3 |   3.3 |   0.9 |   0.0 |   0.0 | 109.0
               +-------+-------+-------+-------+-------+----------------------

Table legend:
 A = Kills in this place as a percentage of kills in entire the game.
 B = Kills by you in this place as a percentage of kills by you in the entire game.
 C = Kills by friends in this place as a percentage of kills by friends in the entire game.
 D = Other kills in this place as a percentage of other kills in the entire game.
 E = Experience gained in this place as a percentage of experience gained in the entire game.
 F = Experience gained in this place divided by the number of levels of this place that you have seen.
                   A       B       C       D       E      F
               +-------+-------+-------+-------+-------+----------------------
         Total | 100.0 | 100.0 | 100.0 |  -nan | 100.0 | 255.0
       Dungeon | 100.0 | 100.0 | 100.0 |  -nan | 100.0 | 297.5
               +-------+-------+-------+-------+-------+----------------------
